 Dungeon Crawl Stone Soup version 0.30-a0-760-g5a9884bb7c (webtiles) character file.

Game seed: 8301327916899659330

4 yeetgod543 the Trooper (level 1, -1/14 HPs)
             Began as a Gargoyle Berserker on Feb 10, 2023.
             Was a Follower of Trog.
             Slain by a gnoll
             ... wielding a +0 spear
              (6 damage)
             ... on level 1 of the Dungeon.
             The game lasted 00:00:53 (89 turns).

yeetgod543 the Trooper (Gargoyle Berserker)           Turns: 89, Time: 00:00:53

Health: -1/14      AC:  4    Str: 20    XL:     1   Next: 60%
Magic:  1/1        EV: 11    Int:  7    God:    Trog [*.....]
Gold:   38         SH:  0    Dex:  9    Spells: 0/0 levels left

rFire   . . .      SeeInvis .    a - +0 spear
rCold   . . .      Faith    .    (no shield)
rNeg    + . .      Spirit   .    b - +0 animal skin
rPois   ∞          Reflect  .    (no helmet)
rElec   +          Harm     .    (no cloak)
rCorr   .          Rampage  .    (no gloves)
Will    .....                    (no boots)
Stlth   +                        (no amulet)
HPRegen 0.22/turn                (no ring)
MPRegen 0.07/turn                (no ring)

@: no status effects
A: sickness immunity, AC +2, negative energy resistance 1, electricity
resistance, torment resistance 1, petrification resistance
a: Renounce Religion, Berserk


You were on level 1 of the Dungeon.
You worshipped Trog.
Trog was aware of your devotion.
You visited 1 branch of the dungeon, and saw 1 of its levels.

You collected 38 gold pieces.

Inventory:

Hand Weapons
 a - a +0 spear (weapon)
Armour
 b - a +0 animal skin (worn)
Scrolls
 d - a scroll of fear {unknown}
Potions
 c - a potion of curing {unknown}


   Skills:
 + Level 3.4 Fighting
 + Level 2.8 Polearms
 + Level 2.2 Armour
 + Level 1.6 Dodging


You couldn't memorise any spells.
You didn't know any spells.
Your spell library was empty.

Dungeon Overview and Level Annotations

Branches:
Dungeon (1/15)

Altars:


Innate Abilities, Weirdness & Mutations

You are immune to sickness and miasma.
Your stone body is resilient. (AC +2)
You are immune to poison.
You resist negative energy. (rN+)
You are resistant to electric shocks. (rElec)
You are resistant to unholy torment.
You are immune to petrification.


Message History

You now have 20 gold pieces (gained 9).
You now have 28 gold pieces (gained 8).
HP restored.
Things that are here:
a +0 dagger; 2 stones; a kobold corpse You now have 38 gold pieces (gained 10).
As you open the door, it creaks loudly!
There is an open door here.
You open the door.
There is an open door here.
A goblin comes into view. It is wielding a +0 dagger.
The goblin shouts!
The goblin moves out of view.
The goblin misses you.
You closely miss the goblin. The goblin hits you with a +0 dagger.
You closely miss the goblin. The goblin hits you with a +0 dagger.
A gnoll comes into view. It is wielding a +0 spear.
The gnoll shouts!
You puncture the goblin!
You kill the goblin!
Trog accepts your kill.
You hear a shout!
Things that are here:
a +0 dagger; a goblin corpse The gnoll hits you with a +0 spear.
A kobold comes into view. It is wielding a +0 short sword.
Found a scroll labelled ZARYINLUDD.
The kobold shouts!
The gnoll misses you.
The kobold throws a stone.
The stone hits you but does no damage.
You closely miss the gnoll. The gnoll hits you with a +0 spear.
The kobold throws a stone.
The stone completely misses you.
You closely miss the gnoll. The gnoll misses you.
You hit the gnoll.
The gnoll is moderately wounded.
The gnoll hits you with a +0 spear.
You hit the gnoll but do no damage.
The gnoll is moderately wounded.
The gnoll hits you with a +0 spear.
You die...

.............#.) . ##
#........+..... .. #.
#........####.. #.#.
#..............
#...###.........#####
#............#PPP#
+..)######.#.#P⌠P#
#...# #.#.#PPP# #@g.#
#.#.##### #...#
#...'.... #.###
###.##### #K. #.#PPP#
##. #.#P⌠P# .#
#.#PPP# .# #.##### .?
#...... .......


You could see a gnoll and a kobold.

Vanquished Creatures
  A goblin (D:1)
  2 kobolds (D:1)
  A frilled lizard (D:1)
4 creatures vanquished.

Notes
Turn   | Place    | Note
-------+----------+-------------------------------------------
     0 | D:1      | yeetgod543 the Gargoyle Berserker began the quest for the
                  | Orb.
     0 | D:1      | Reached XP level 1. HP: 14/14 MP: 1/1
    89 | D:1      | Slain by a gnoll

Illustrated notes

Levels and vault maps discovered:
D:1:      beargit_arrival_greenhouse, layout_basic, minmay_tromino_v2

Action                     || total
---------------------------++-------
  Melee: Spear             ||    17
 Armour: Animal skin       ||     6
  Dodge: Dodged            ||    12

Table legend: (Time is in decaauts)
 A = Elapsed time spent in this place.
 B = Non-inter-level travel time spent in this place.
 C = Inter-level travel time spent in this place.
 D = Time resting spent in this place.
 E = Time spent auto-exploring this place.
 F = Levels seen in this place.
 G = Mean time per level.
                   A        B        C        D        E       F      G
               +--------+--------+--------+--------+--------+-----+--------+
         Total |     88 |     47 |     41 |      0 |      8 |   1 |   88.0 |
       Dungeon |     88 |     47 |     41 |      0 |      8 |   1 |   88.0 |
               +--------+--------+--------+--------+--------+-----+--------+

Top non-repeatable levels by time:
     D:1: 88 daAuts
